 Dungeon Crawl Stone Soup version 0.25-a0-860-gf695395b5c (webtiles) character file.

Game seed: 9418437395886528223, levelgen mode: deterministic

4246 Nixze the Firebug (level 10, -2/81 HPs)
             Began as a Black Draconian Fire Elementalist on Apr 29, 2020.
             Was a Believer of Sif Muna.
             Slain by a komodo dragon (22 damage)
             ... on level 8 of the Dungeon.
             The game lasted 00:24:24 (11120 turns).

Nixze the Firebug (DrFE)                           Turns: 11120, Time: 00:24:24

Health: -2/81      AC: 11    Str: 11    XL:     10   Next: 9%
Magic:  0/17       EV: 14    Int: 19    God:    Sif Muna [**....]
Gold:   450        SH:  0    Dex: 11    Spells: 5/18 levels left

rFire    . . .     SeeInvis .   u - +1 dagger (elec)
rCold    . . .     Gourm    .   (no shield)
rNeg     . . .     Faith    .   (armour unavailable)
rPois    +         Spirit   .   (helmet restricted)
rElec    +         Reflect  .   m - +2 cloak
rCorr    .         Harm     .   p - +0 pair of gloves
MR       .....                  (no boots)
Stlth    ++........             (no amulet)
HPRegen  0.23/turn              D - ring of wizardry
MPRegen  0.15/turn              y - ring of poison resistance

@: no status effects
A: breathe lightning, unfitting armour, electricity resistance, cold-blooded, AC
+7
a: Breathe Lightning, Channel Magic, Renounce Religion


You were on level 8 of the Dungeon.
You worshipped Sif Muna.
Sif Muna was pleased with you.
You were not hungry.

You visited 1 branch of the dungeon, and saw 8 of its levels.

You collected 450 gold pieces.

Inventory:

Hand Weapons
 u - a +1 dagger of electrocution (weapon)
 J - the +11 glaive of the Crypt {vamp, rPois Str-4 Int+6}
   (You took it off an orc on level 8 of the Dungeon)

   It inflicts no extra harm, but heals its wielder when it wounds a living foe.
   It affects your strength (-4).
   It affects your intelligence (+6).
   It protects you from poison.
Armour
 m - a +2 cloak (worn)
 p - a +0 pair of gloves (worn)
Magical Staves
 e - an uncursed staff of earth
Jewellery
 r - an uncursed ring of stealth
 y - a ring of poison resistance (right hand)
 D - a ring of wizardry (left hand)
 F - a +2 ring of protection
 H - an uncursed ring of ice
Wands
 C - a wand of digging (3)
 E - a wand of random effects (9)
Scrolls
 c - 2 scrolls of fear {unknown}
 d - a scroll of magic mapping {unknown}
 i - a scroll of teleportation {unknown}
 j - 2 scrolls of blinking {unknown}
 l - 2 scrolls of enchant armour
 q - 5 scrolls of amnesia
 s - 2 scrolls of remove curse
 t - a scroll of enchant weapon {unknown}
 x - 4 scrolls of identify
 z - a scroll of noise {unknown}
 A - a scroll of fog {unknown}
 B - 2 scrolls of vulnerability
Potions
 a - a potion of ambrosia
 f - 6 potions of curing
 g - 3 potions of brilliance
 h - a potion of stabbing
 k - 2 potions of magic {unknown}
 n - a potion of mutation
 o - 2 potions of flight {unknown}
 v - a potion of degeneration {unknown}
 w - a potion of lignification {unknown}
 G - a potion of resistance {unknown}
Comestibles
 b - 15 rations


   Skills:
 + Level 5.1 Fighting
 + Level 4.6 Dodging
 - Level 4.0 Stealth
 + Level 4.7 Spellcasting
 * Level 6.9 Conjurations
 + Level 7.7 Fire Magic
 + Level 6.2 Invocations


You had 5 spell levels left.
You knew the following spells:

 Your Spells              Type           Power        Failure   Level  Hunger
a - Foxfire               Conj/Fire      ####         1%          1    None
b - Conjure Flame         Conj/Fire      ####....     1%          3    ##.....
c - Fireball              Conj/Fire      ####......   7%          5    ######.
d - Sticky Flame          Conj/Fire      ####....     2%          4    ####...

Your spell library contained the following spells:

 Spells                   Type           Power        Failure   Level  Hunger
 Shock                    Conj/Air       ###.         1%          1    None
 Inner Flame              Hex/Fire       ###.....     3%          3    ##.....
 Static Discharge         Conj/Air       ###.....     4%          3    ##.....
 Swiftness                Chrm/Air       #.......     8%          2    #......
 Lightning Bolt           Conj/Air       ###.......   32%         5    ######.
 Airstrike                Air            #.........   43%         4    ####...


Dungeon Overview and Level Annotations

Branches:
Dungeon (8/15)             Temple (0/1) D:7
   Lair: D:8-11

Altars:
Okawaru
Sif Muna
Uskayaw

Shops:
D:5 [

Annotations:
D:6 3 runed translucent doors, Maedhros's ghost, novice OpCK
D:7 exclusion: 4 doors


Innate Abilities, Weirdness & Mutations

You can breathe wild blasts of lightning.
Your glossy black scales are hard. (AC +7)
You cannot fit into any form of body armour.
You are resistant to electric shocks. (rElec)
You are cold-blooded and may be slowed by cold attacks.


Message History

Unknown command.
Unknown command.
Press: ? - help, v - describe, . - travel, g - get item A +1 lajatang of venom.
There is something else lying underneath.
The floor, spattered with blood.
Unknown command.
Unknown command.
The komodo dragon bites you.
* * * LOW HITPOINT WARNING * * *
Casting: Sticky Flame (mildly dangerous; 2% risk of failure)
Confirm with . or Enter, or press ? or * to list all spells.
Aiming: Sticky Flame (mildly dangerous; 2% risk of failure)
Press: ? - help, Shift-Dir - straight line, f - komodo dragon
Aim: a komodo dragon The sticky flame hits the komodo dragon!
The komodo dragon is lightly wounded.
The komodo dragon is covered in liquid flames!
The komodo dragon burns!
The komodo dragon bites you!!
You die...

#.#.##.#.#.###†#..#
#.#.#.#.#.#.###=.# #
#.#.#..........###
...#.#l#.#.####.
..##.#.#.###...# #
#.#÷.*.###...... ..
#.#.#.Q###.......
..# #
#...'###.....#..#
#.# # ###..)..@..#
#..# #.# #
####.##l.# #>.#
##>####
#.##..###..###......
#.##............####
#...................
##########.####.####
#.# #.....
#.#########
#..........


You could see a komodo dragon (burning).

Vanquished Creatures
  A tengu conjurer (D:8)
  2 hippogriffs
  Sigmund (D:5)
  2 hogs (D:7)
  A human (D:7)
  A wyvern (D:8)
  2 yaks (D:7)
  A hungry ghost (D:8)
  A water moccasin (D:8)
  A black bear (D:6)
  3 ice beasts (D:8)
  A necrophage (D:6)
  2 phantoms
  4 ogres
  A centaur (D:4)
  3 bullfrogs
  2 wyvern skeletons
  2 scorpions
  A crimson imp (D:6)
  4 howler monkeys
  A centaur zombie (D:5)
  3 hounds
  3 jellies
  2 orc priests
  An iguana (D:8)
  3 orc wizards
  6 worker ants
  A killer bee zombie (D:7)
  2 hound zombies
  A howler monkey zombie (D:7)
  6 adders
  A gnoll (D:5)
  4 shadow imps
  3 worms
  3 dart slugs (D:1)
  6 leopard geckos
  19 orcs
  A ball python (D:4)
  5 giant cockroaches
  5 goblins
  14 hobgoblins
  15 jackals
  5 quokkas
  3 bats
  5 frilled lizards
  A giant cockroach zombie (D:6)
  10 kobolds
  A leopard gecko skeleton (D:7)
  A quokka skeleton (D:8)
  10 rats
177 creatures vanquished.

Vanquished Creatures (others)
  605 foxfires
605 creatures vanquished.

Grand Total: 782 creatures vanquished

Notes
Turn   | Place    | Note
-------+----------+-------------------------------------------
     0 | D:1      | Nixze the Draconian Fire Elementalist began the quest for
                  | the Orb.
     0 | D:1      | Reached XP level 1. HP: 14/14 MP: 3/3
   139 | D:1      | Reached XP level 2. HP: 20/20 MP: 1/5
   591 | D:1      | Reached skill level 4 in Fire Magic
  1096 | D:1      | Reached XP level 3. HP: 26/26 MP: 3/6
  1347 | D:2      | Found a hide-covered altar of Uskayaw.
  1658 | D:2      | Learned a level 3 spell: Conjure Flame
  2045 | D:2      | Reached XP level 4. HP: 32/33 MP: 7/7
  2050 | D:2      | Reached skill level 5 in Fire Magic
  3023 | D:3      | Found a shimmering blue altar of Sif Muna.
  3034 | D:3      | Became a worshipper of Sif Muna the Loreminder
  3401 | D:3      | Reached XP level 5. HP: 23/38 MP: 3/8
  3622 | D:4      | Reached skill level 6 in Fire Magic
  3622 | D:4      | Reached skill level 1 in Invocations
  4170 | D:4      | Reached XP level 6. HP: 26/45 MP: 3/9
  4732 | D:5      | Entered Level 5 of the Dungeon
  4739 | D:5      | Noticed Sigmund
  4752 | D:5      | Killed Sigmund
  4752 | D:5      | Reached skill level 5 in Invocations
  4752 | D:5      | Your scales start taking on a glossy black colour.
  4752 | D:5      | Reached XP level 7. HP: 16/50 MP: 3/11
  4752 | D:5      | Gained mutation: You are resistant to electric shocks.
                  | (rElec) [Black Draconian growth]
  4768 | D:5      | Learned a level 5 spell: Fireball
  5408 | D:5      | Reached skill level 1 in Fighting
  5666 | D:5      | Reached * piety under Sif Muna
  5740 | D:5      | Found an iron altar of Okawaru.
  6914 | D:5      | Found Usi Xypp's Antique Armour Boutique.
  6959 | D:6      | Noticed Maedhros's ghost (novice OpCK)
  6965 | D:6      | Found a runed translucent gate.
  6965 | D:6      | Found a runed translucent gate.
  6965 | D:6      | Found a runed translucent gate.
  7413 | D:5      | Reached XP level 8. HP: 33/61 MP: 4/12
  8201 | D:7      | Noticed a hippogriff
  8209 | D:7      | Killed a hippogriff
  8370 | D:7      | Noticed a cyclops
  8375 | D:7      | Found a staircase to the Ecumenical Temple.
  9093 | D:7      | Reached XP level 9. HP: 70/70 MP: 6/14
  9098 | D:7      | Reached skill level 5 in Conjurations
  9100 | D:7      | Reached skill level 7 in Fire Magic
  9844 | D:8      | Learned a level 4 spell: Sticky Flame
 10093 | D:8      | Reached ** piety under Sif Muna
 10822 | D:8      | Reached skill level 5 in Fighting
 10961 | D:8      | Identified the +11 glaive of the Crypt {vamp, rPois Str-4
                  | Int+6}
 10994 | D:8      | Reached XP level 10. HP: 68/81 MP: 2/17
 11120 | D:8      | Slain by a komodo dragon

Levels and vault maps discovered:
D:1:      minmay_arrival_checkered_box, layout_rooms, chequers_jeans,
          st_stairs_5, kennysheep_minor_cross
D:2:      layout_basic, eat_drink_and_be_merry_uskayaw,
          chequers_serial_rivers_small_3
D:3:      layout_basic, old_standard_altar, first_ration, minmay_bisected
D:4:      layout_rooms
D:5:      minmay_spotlight, layout_loops_ring, okawaru_altar_gauntlet_db,
          serial_shops, shop, uniq_sigmund
D:6:      layout_loops_ring, gammafunk_ghost_split
D:7:      layout_gridville, minmay_temple_entry_butterflies, grunt_livestock,
          minivault_27
D:8:      minmay_the_grid_triangle_9x9_recursive_2
          [minmay_the_grid_triangle_9x9_prize_schism,
          minmay_the_grid_triangle_9x9_impossible_snake,
          minmay_the_grid_triangle_9x9_zippers_vertical,
          minmay_the_grid_triangle_9x9_warning], layout_loops_ring,
          serial_co_window_serial, co_window_of_opportunity_a,
          co_window_of_opportunity_a, co_window_paths_a, co_window_paths_a,
          co_window_of_opportunity_a, co_window_paths_c, co_window_broadway_c,
          co_window_paths_c, co_window_broadway_c, glass_columns_a,
          glass_columns_a, glass_columns_a, glass_columns_c

Skill      XL: |  1  2  3  4  5  6  7  8  9 |
---------------+----------------------------+-----
Fire Magic     | 4 5 6 7 |  7.7
Invocations    | 3 5 6 |  6.2
Dodging        | 2 3 4 |  4.6
Stealth        | 2 3 4 |  4.0
Fighting       | 2 3 5 |  5.1
Conjurations   | 3 4 6 |  6.9
Spellcasting   | 3 4 |  4.7

Action                   |  1- 3 |  4- 6 |  7- 9 | 10-12 || total
-------------------------+-------+-------+-------+-------++-------
Melee: Whip              |    17 |    30 |       |       ||    47
       Dagger            |    44 |    19 |   189 |     1 ||   253
       Tailslap          |     6 |     4 |    13 |       ||    23
 Cast: Foxfire           |    64 |    88 |   224 |       ||   376
       Conjure Flame     |       |       |     2 |       ||     2
       Sticky Flame      |       |       |    13 |     5 ||    18
       Fireball          |       |       |     1 |       ||     1
 Abil: Breathe Lightning |       |       |     7 |     1 ||     8
  Use: Scroll            |       |     7 |     2 |       ||     9
  Eat: Chunk             |     5 |     9 |    23 |     1 ||    38
       Ration            |       |       |     2 |     1 ||     3
Armor: Skin              |    23 |    24 |   138 |     4 ||   189
Dodge: Dodged            |    49 |    40 |   153 |     2 ||   244

Table legend:
 A = Non-vault XP
 B = Vault XP
 C = Vault XP percentage of total XP
 D = Non-vault monster count
 E = Vault monster count
 F = Vault count percentage of total count
                 A         B        C        D         E       F
            +---------+---------+-------+---------+---------+-------
      Total |    4002 |    2064 |  34.0 |     153 |      24 |  13.6
            +---------+---------+-------+---------+---------+-------
        D:1 |      33 |       8 |  19.5 |      19 |       2 |   9.5
        D:2 |      79 |       0 |   0.0 |      29 |       0 |   0.0
        D:3 |     104 |       1 |   1.0 |      23 |       1 |   4.2
        D:4 |     287 |       0 |   0.0 |      17 |       0 |   0.0
        D:5 |     464 |     364 |  44.0 |      16 |       9 |  36.0
        D:6 |     437 |       0 |   0.0 |      11 |       0 |   0.0
        D:7 |    1124 |     998 |  47.0 |      20 |       5 |  20.0
        D:8 |    1474 |     693 |  32.0 |      18 |       7 |  28.0
            +---------+---------+-------+---------+---------+-------
